 Dungeon Crawl Stone Soup version 0.30.1-3-gfc49f6343a (webtiles) character file.

Game seed: 10936554962902390335

602 javelincjr the Magician (level 7, -3/47 HPs)
             Began as a Djinni Conjurer on July 27, 2023.
             Was a Follower of Hepliaklqana.
             Slain by Duvessa
             ... wielding a +0 rapier
              (12 damage)
             ... on level 4 of the Dungeon on July 28, 2023.
             The game lasted 00:20:59 (3340 turns).

javelincjr the Magician (Djinni Conjurer)           Turns: 3340, Time: 00:21:00

Health: -3/47      AC:  5    Str:  8    XL:     7   Next: 69%
Gold:   300        EV: 13    Int: 19    God:    Hepliaklqana [*.....] SH:  0 Dex: 12

rFire   + + .        k - +0 dagger (flame)
rCold   . . .        (no shield)
rNeg    . . .        v - +2 robe {Archmagi}
rPois   ∞            j - +0 helmet
rElec   .            (no cloak)
rCorr   +            (no gloves)
SInv    .            (boots unavailable)
Will    .....        c - amulet of regeneration
Stlth   ++           r - ring of resist corrosion
HPRegen 1.07/turn    s - ring of protection from cold
MPRegen 0.00/turn

%: archmagi, infuse magic (-4 HP)
@: flying
A: reduced essence, sickness immunity, fire resistance 2, cold vulnerability 1,
float, innate caster, HP casting, extra vitality 1
a: Renounce Religion, Recall Ancestor, Ancestor Identity


You were on level 4 of the Dungeon.
You worshipped Hepliaklqana.
Hepliaklqana was aware of your devotion.
You visited 2 branches of the dungeon, and saw 5 of its levels.

You collected 300 gold pieces.

Inventory:

Hand Weapons
 k - a +0 dagger of flaming (weapon)
Missiles
 u - 9 poisoned darts
Armour
 a - a +0 robe
 i - a +1 animal skin
 j - a +0 helmet (worn)
 v - a +2 robe of the Archmagi (worn)
Jewellery
 c - an amulet of regeneration (around neck)
 r - a ring of resist corrosion (left hand)
 s - a ring of protection from cold (right hand)
Scrolls
 b - 4 scrolls of teleportation
 g - a scroll of torment {unknown}
 l - 2 scrolls of noise {unknown}
 m - a scroll of blinking {unknown}
 n - 2 scrolls of enchant armour {unknown}
 q - a scroll of amnesia {unknown}
 t - a scroll of identify {unknown}
Potions
 d - 3 potions of curing {unknown}
 e - 2 potions of ambrosia {unknown}
 f - a potion of mutation {unknown}
 h - 2 potions of degeneration {unknown}
 o - a potion of lignification {unknown}
 p - 3 potions of brilliance {unknown}
 x - a potion of attraction {unknown}


   Skills:
 * Level 4.7 Fighting
 + Level 4.2 Dodging
 - Level 1.5 Stealth
 * Level 5.0 Spellcasting


You knew the following spells:

 Your Spells              Type           Power      Damage    Failure   Level
a - Magic Dart            Conj           100%       1d8       1%          1
b - Searing Ray           Conj           70%        2d7       2%          2
c - Dazzling Flash        Conj/Hex       70%        N/A       4%          3
d - Fulminant Prism       Conj/Hex       17%        3d10      16%         4
e - Iskenderun's Mystic   Conj/Tloc      35%        2d8       16%         4
f - Shock                 Conj/Air       100%       1d9       1%          1
g - Blink                 Tloc           70%        N/A       2%          2
h - Call Imp              Summ           70%        N/A       2%          2
Your spell library was empty.

Dungeon Overview and Level Annotations

Branches:
Dungeon (4/15)             Temple (1/1) D:4

Altars:
Ashenzari
Cheibriados
Dithmenos
Fedhas
Hepliaklqana
Nemelex Xobeh
Ru
Wu Jian
Yredelemnul

Annotations:
D:4 Duvessa


Innate Abilities, Weirdness & Mutations

Your life essence is reduced to manifest your ancestor. (-10% HP)
You are immune to sickness and miasma.
You are immune to poison.
Your flesh is very heat resistant. (rF++)
You are vulnerable to cold. (rC-)
You float through the air rather than walking.
You learn spells naturally, not from books.
Your magical power is your life essence.
You have superior vitality. (+4 MHP)


Message History

Duvessa rages.
Casting: Blink (safe; 2% risk of failure)
Confirm with . or Enter, or press ? or * to list all spells.
You feel a surge of power!
You blink.
* * * LOW HITPOINT WARNING * * *
You feel stable enough to blink again.
Your extra speed is starting to run out.
Casting: Blink (safe; 2% risk of failure)
Confirm with . or Enter, or press ? or * to list all spells.
You feel a surge of power!
A tiny devil pulls itself out of the air.
You hear a shout!
You feel yourself slow down.
You hear a shout!
Casting: Call Imp (safe; 2% risk of failure)
Confirm with . or Enter, or press ? or * to list all spells.
You feel a surge of power!
A tiny devil pulls itself out of the air.
Duvessa hits your cerulean imp with a +0 rapier!
Duvessa hits your cerulean imp with a +0 rapier!
Your cerulean imp dies!
Your cerulean imp disappears in a puff of smoke!
Casting: Call Imp (safe; 2% risk of failure)
Confirm with . or Enter, or press ? or * to list all spells.
You feel a surge of power!
A tiny devil pulls itself out of the air.
Duvessa rages.
Your cerulean imp hits Duvessa but does no damage.
You strike the helpless Duvessa from behind!
You hit Duvessa. You burn Duvessa.
Duvessa is severely wounded.
Duvessa misses you. Duvessa hits you with a +0 rapier!
Your cerulean imp hits Duvessa but does no damage.
You hit Duvessa but do no damage.
Duvessa is severely wounded.
Duvessa hits you with a +0 rapier!!
* * * LOW HITPOINT WARNING * * *
Your cerulean imp hits Duvessa from afar with a -1 spear.
Duvessa hits you with a +0 rapier!
You die...

..#..#..#........#.# #.#PP...#.#
###..##.##.#.###.#.####.#P.>P.#.#
#...................#.#.....#..
####.##.##..####'#.##.#.#.P...#..
.....##.##.........##.#.#.....#..
.....##.##...##..).##.#.....#.#.#
.....##.##...##....##.###.#.#.#..
.....##........e5...........#.###
##+#.#######R###@############....
#.#.##......# #.# #..........##
##.#..#.###### #.# #.#######..##
........## #<# #.# #..##
.≈≈.≈≈...############.# #..##
..≈.≈.[≈...##.......#.# #..##
≈.....≈≈..........#.#.# #..##
..._......#....R..#.#.# #..##
≈.....≈≈..........#.#.#######..##


You could see Duvessa (berserk, ally target) and a friendly cerulean imp
(summoned).

Vanquished Creatures
  Menkaure (D:4)
  3 ogres (D:4)
  Dowan (D:4)
  An orc priest (D:3)
  An iguana (D:4)
  Robin (D:2)
  2 adders
  2 worms
  A dart slug (D:4)
  6 orcs
  8 ball pythons
  4 bats (D:1)
  5 endoplasms
  3 giant cockroaches
  12 goblins
  4 hobgoblins
  16 jackals
  5 kobolds
  A quokka (D:2)
  6 frilled lizards
  2 rats (D:1)
85 creatures vanquished.

Vanquished Creatures (collateral kills)
  A hobgoblin (D:4)
1 creature vanquished.

Vanquished Creatures (others)
  A fulminant prism (D:4)
1 creature vanquished.

Grand Total: 87 creatures vanquished

Notes
Turn   | Place    | Note
-------+----------+-------------------------------------------
     0 | D:1      | javelincjr the Djinni Conjurer began the quest for the Orb.
     0 | D:1      | javelincjr set off with the following spells memorised:
                  | Magic Dart, Searing Ray, Dazzling Flash, Fulminant Prism,
                  | Iskenderun's Mystic Blast.
     0 | D:1      | Reached XP level 1. HP: 15/15 MP: 0/0
   171 | D:1      | Found a faded altar of an unknown god.
   261 | D:1      | Reached XP level 2. HP: 22/22 MP: 0/0
   268 | D:1      | Reached skill level 1 in Fighting
   501 | D:1      | Reached XP level 3. HP: 27/27 MP: 0/0
   501 | D:1      | Learned a level 1 spell: Shock
   846 | D:2      | Noticed Robin
   854 | D:2      | Killed Robin
   925 | D:2      | Reached XP level 4. HP: 33/33 MP: 0/0
  1632 | D:3      | Found a broken altar of Ashenzari.
  1759 | D:3      | Found a shadowy altar of Dithmenos.
  1840 | D:3      | Reached skill level 4 in Spellcasting
  1840 | D:3      | Reached XP level 5. HP: 12/39 MP: 0/0
  1840 | D:3      | Learned a level 2 spell: Blink
  2192 | D:4      | Found a staircase to the Ecumenical Temple.
  2208 | Temple   | Entered the Ecumenical Temple
  2246 | Temple   | Became a worshipper of Hepliaklqana the Forgotten
  2397 | D:4      | Found a sparkling altar of Nemelex Xobeh.
  2453 | D:4      | Noticed an ogre
  2467 | D:4      | Killed an ogre
  2468 | D:4      | Reached XP level 6. HP: 25/46 MP: 0/0
  2508 | D:4      | Noticed Duvessa
  2510 | D:4      | Noticed Dowan
  2694 | D:4      | Killed Dowan
  2744 | D:4      | Noticed an ogre
  2752 | D:4      | Killed an ogre
  2753 | D:4      | Reached XP level 7. HP: 51/52 MP: 0/0
  2753 | D:4      | Learned a level 2 spell: Call Imp
  2837 | D:4      | Found a snail-covered altar of Cheibriados.
  2999 | D:4      | Noticed Menkaure
  3008 | D:4      | Killed Menkaure
  3090 | D:4      | Reached skill level 5 in Spellcasting
  3236 | D:4      | Reached * piety under Hepliaklqana
  3340 | D:4      | Slain by Duvessa

Illustrated notes

Levels and vault maps discovered:
D:1:      wander_arrival_fairy_ring, layout_basic,
          shapermc_ecumenical_altar_pompeii
D:2:      layout_basic, minmay_cupped, uniq_robin
D:3:      layout_basic, evilmike_ruin_ashenzari, nicolae_dithmenos_shadow_blocks
D:4:      layout_basic, lemuel_crystal_altar,
          mainiacjoe_overflow_surrounded_room,
          mainiacjoe_overflow_small_starburst, minmay_temple_entry_overgrown,
          uniq_menkaure, uniq_duvessa
Temple:   nicolae_temple_stand_before_the_council

Skill      XL: |  1  2  3  4  5  6  7 |
---------------+----------------------+-----
Fighting       | 1 2 3 4 |  4.7
Dodging        | 3 4 |  4.2
Spellcasting   | 4 5 |  5.0
Stealth        | |  1.5

Action                     |  1- 3 |  4- 6 |  7- 9 || total
---------------------------+-------+-------+-------++-------
  Melee: Dagger            |     4 |     5 |     5 ||    14
   Cast: Magic Dart        |    37 |     1 |       ||    38
         Shock             |    19 |   100 |    21 ||   140
         Searing Ray       |     2 |     9 |       ||    11
         Dazzling Flash    |       |     1 |       ||     1
         Blink             |       |     2 |     2 ||     4
         Call Imp          |       |       |     6 ||     6
         Fulminant Prism   |       |       |     1 ||     1
    Use: Scroll            |       |     1 |       ||     1
         Potion            |       |       |     1 ||     1
   Stab: Distracted        |       |       |     1 ||     1
         Sleeping          |       |       |     1 ||     1
 Armour: Robe              |     3 |       |       ||     3
         Animal skin       |       |     6 |       ||     6
  Dodge: Dodged            |     7 |    24 |     3 ||    34
